 Dungeon Crawl Stone Soup version 0.27-a0-1319-geec4fb4e21 (webtiles) character file.

Game seed: 10636811875498908164

164 Kold the Cudgeller (level 5, 0/32 HPs)
             Began as a Gargoyle Fighter on June 21, 2021.
             Slain by Sigmund (6 damage)
             ... on level 4 of the Dungeon.
             The game lasted 00:03:52 (3705 turns).

Kold the Cudgeller (Gargoyle Fighter)               Turns: 3705, Time: 00:03:52

Health: 0/32       AC: 10    Str: 20    XL:     5   Next: 45%
Magic:  5/5        EV:  7    Int:  8    God:
Gold:   70         SH:  9    Dex: 10    Spells: 4/4 levels left

rFire    . . .     SeeInvis .   a - +0 flail
rCold    . . .     Faith    .   c - +0 kite shield
rNeg     + . .     Spirit   .   b - +0 scale mail
rPois    ∞         Reflect  .   (no helmet)
rElec    +         Harm     .   (no cloak)
rCorr    .         Rampage  .   (no gloves)
Will     .....                  (no boots)
Stlth    ..........             (no amulet)
HPRegen  0.10/turn              g - ring of flight
MPRegen  0.09/turn              (no ring)

@: flying
A: sickness immunity, AC +4, negative energy resistance 1, electricity
resistance, torment resistance 1, petrification resistance
a: no special abilities


You were on level 4 of the Dungeon.
You visited 1 branch of the dungeon, and saw 4 of its levels.

You collected 70 gold pieces.

Inventory:

Hand Weapons
 a - a +0 flail (weapon)
Armour
 b - a +0 scale mail (worn)
 c - a +0 kite shield (worn)
Jewellery
 g - a ring of flight (left hand)
Scrolls
 f - a scroll of amnesia {unknown}
 h - 3 scrolls of holy word {unknown}
 k - 2 scrolls of torment {unknown}
 l - a scroll of blinking {unknown}
 m - a scroll of vulnerability {unknown}
 o - a scroll of teleportation {unknown}
 p - a scroll of identify {unknown}
Potions
 d - a potion of might
 e - 2 potions of curing {unknown}
 i - a potion of resistance {unknown}
 j - 2 potions of heal wounds


   Skills:
 - Level 3.3 Fighting
 + Level 5.0 Maces & Flails
 - Level 3.3 Armour
 - Level 4.0 Shields


You had 4 spell levels left.
You didn't know any spells.
Your spell library was empty.

Dungeon Overview and Level Annotations

Branches:
Dungeon (4/15)
 Temple: D:4-7

Altars:

Shops:
D:3 ([*[(

Annotations:
D:4 Eustachio, Sigmund


Innate Abilities, Weirdness & Mutations

You are immune to sickness and miasma.
Your stone body is resilient. (AC +4)
You are immune to poison.
You resist negative energy. (rN+)
You are resistant to electric shocks. (rElec)
You are resistant to unholy torment.
You are immune to petrification.


Message History

You hear some strange, mumbled words.
A puff of flame appears from out of thin air!
The puff of flame hits you but does no damage.
You barely miss something.
You hear some strange, mumbled words.
A puff of flame appears from out of thin air!
The puff of flame hits you! Something hits you.
You barely miss something. Something hits you but does no damage.
You closely miss something. Something hits you but does no damage.
You closely miss something.
Something hits you but does no damage. x2
Your shield and scale mail prevent you from hitting something.
You block something's attack.
You barely miss something.
You hear some strange, mumbled words.
A puff of flame appears from out of thin air!
The puff of flame hits you.
You hit something. Something hits you. x2
You miss something. Something hits you but does no damage.
You barely miss something. Something hits you.
* * * LOW HITPOINT WARNING * * *
Something hits you.
* * * LOW HITPOINT WARNING * * *
It was a potion of heal wounds.
You feel much better.
You hear some strange, mumbled words.
A magic dart appears from out of thin air!
The magic dart hits you!
You miss something. Something hits you!
* * * LOW HITPOINT WARNING * * *
You feel much better. Something hits you but does no damage.
You completely miss something. You block something's attack.
You closely miss something. Something hits you but does no damage.
You hear some strange, mumbled words.
A magic dart appears from out of thin air!
The magic dart hits you.
You barely miss something. Something completely misses you.
You hit something. Something hits you!
You miss something. Something hits you!
* * * LOW HITPOINT WARNING * * *
Something hits you.
You die...

######.#
#.#####.# .#
.#.....# #
....... #.....
#.... ... .#
#{###.#
###@.##.###.#.#
#.<......##.#.#
#....##..##.#.#
#.....#..##.#.#
#.....#..##.#.#
#####....##.#.#
#####...##.#.#
.........†....#
##.####.###.#.#


There were no monsters in sight!

Vanquished Creatures
  A hound (D:4)
  2 iguanas
  2 adders (D:2)
  2 worms
  A dart slug (D:3)
  6 ball pythons
  6 bats
  3 endoplasms
  3 giant cockroaches
  A goblin (D:1)
  5 hobgoblins
  13 jackals
  2 quokkas (D:2)
  4 frilled lizards
  3 kobolds
  A rat (D:1)
55 creatures vanquished.

Notes
Turn   | Place    | Note
-------+----------+-------------------------------------------
     0 | D:1      | Kold the Gargoyle Fighter began the quest for the Orb.
     0 | D:1      | Reached XP level 1. HP: 14/14 MP: 1/1
   140 | D:1      | Reached XP level 2. HP: 9/19 MP: 2/2
   881 | D:2      | Reached XP level 3. HP: 23/23 MP: 3/3
  1115 | D:2      | Reached skill level 3 in Maces & Flails
  1761 | D:2      | Reached XP level 4. HP: 17/28 MP: 4/4
  2377 | D:3      | Found Gomeir's Weapon Shoppe.
  2450 | D:3      | Found Qaicwe's Antique Weapon Shop.
  2450 | D:3      | Found Saqo's Armour Shoppe.
  2589 | D:3      | Reached skill level 4 in Maces & Flails
  2687 | D:3      | Found Weonyhed's Assorted Antiques.
  2688 | D:3      | Found Nunlani's Armour Emporium.
  3445 | D:4      | Reached XP level 5. HP: 30/32 MP: 5/5
  3498 | D:4      | Noticed Eustachio
  3669 | D:4      | Reached skill level 5 in Maces & Flails
  3675 | D:4      | Noticed Sigmund
  3705 | D:4      | Slain by Sigmund

Illustrated notes

Levels and vault maps discovered:
D:1:      minmay_arrival_cross, layout_rooms
D:2:      layout_loops_corners
D:3:      layout_basic, serial_shops, shop_statue,
          nicolae_shop_temple_entry_statues_fountains,
          nicolae_shop_window_shopping, shop, shop
D:4:      minmay_razor_zed, layout_basic, minmay_temple_entry_mist,
          serial_shops, nicolae_take_the_stairs, uniq_eustachio, uniq_sigmund

Skill      XL: |  1  2  3  4  5 |
---------------+----------------+-----
Shields        | 4 |  4.0
Maces & Flails | 3 4 5 |  5.0
Fighting       | |  3.3
Armour         | |  3.3

Action                   |  1- 3 |  4- 6 || total
-------------------------+-------+-------++-------
Melee: Flail             |   133 |    76 ||   209
Throw: Throwing net      |       |     2 ||     2
  Use: Potion            |       |     2 ||     2
 Stab: Held in net/web   |       |     1 ||     1
Armor: Scale mail        |    96 |    29 ||   125
Dodge: Dodged            |    49 |    12 ||    61
Block: Kite shield       |    81 |    32 ||   113

Table legend: (Time is in decaauts)
 A = Elapsed time spent in this place.
 B = Non-inter-level travel time spent in this place.
 C = Inter-level travel time spent in this place.
 D = Time resting spent in this place.
 E = Time spent auto-exploring this place.
 F = Levels seen in this place.
 G = Mean time per level.
                   A        B        C        D        E       F      G
               +--------+--------+--------+--------+--------+-----+--------+
         Total |   3804 |   3534 |    270 |   1094 |   1939 |   4 |  951.0 |
       Dungeon |   3804 |   3534 |    270 |   1094 |   1939 |   4 |  951.0 |
               +--------+--------+--------+--------+--------+-----+--------+

Top non-repeatable levels by time:
     D:2: 1624 daAuts
     D:3: 1126 daAuts
     D:1: 895 daAuts
     D:4: 158 daAuts
